 Dungeon Crawl Stone Soup version 0.26.1-11-gd32895ea62 (webtiles) character file.

Game seed: 1273635337961816162

3245 buriedalive the Nimble (level 9, -1/46 HPs)
             Began as a Deep Elf Ice Elementalist on May 20, 2021.
             Was a Follower of Ashenzari.
             Killed from afar by a steam dragon (15 damage)
             ... with a ball of steam
             ... on level 7 of the Dungeon.
             The game lasted 00:22:24 (10365 turns).

buriedalive the Nimble (Deep Elf Ice Elementalist) Turns: 10365, Time: 00:22:25

Health: -1/46      AC:  8    Str:  5    XL:     9   Next: 67%
Magic:  16/18      EV: 21    Int: 24    God:    Ashenzari [*.....]
Gold:   342        SH:  5    Dex: 15    Spells: 7/18 levels left

rFire    x . .     SeeInvis .   h - +4 short sword (elec) (curse)
rCold    + . .     Faith    .   (no shield)
rNeg     . . .     Spirit   .   a - +0 robe
rPois    .         Reflect  +   m - +1 helmet (curse)
rElec    .         Harm     .   k - +0 cloak
rCorr    .         Rampage  .   u - +2 pair of gloves (curse)
Will     .....                  (no boots)
Stlth    ++........             p - amulet of reflection (curse)
HPRegen  0.15/turn              C - ring of wizardry (curse)
MPRegen  0.16/turn              v - ring of ice

@: no status effects
A: hooves 1, blurry vision 1
a: Renounce Religion, Curse Item, Scrying


You were on level 7 of the Dungeon.
You worshipped Ashenzari.
Ashenzari was aware of your devotion.
You visited 2 branches of the dungeon, and saw 8 of its levels.
You also visited: Ossuary.

You collected 342 gold pieces.

Inventory:

Hand Weapons
 b - a +2 dagger
 c - a +2 short sword of speed
 h - a cursed +4 short sword of electrocution (weapon)
 r - a +2 whip of pain
Missiles
 i - 60 poisoned darts (quivered)
 j - 123 stones
Armour
 a - a +0 robe (worn)
 k - a +0 cloak (worn)
 m - a cursed +1 helmet (worn)
 u - a cursed +2 pair of gloves (worn)
Jewellery
 p - a cursed amulet of reflection (around neck)
 v - a ring of ice (right hand)
 C - a cursed ring of wizardry (left hand)
 F - a +4 ring of protection
Wands
 o - a wand of paralysis (3)
 x - a wand of digging (5)
 D - a wand of polymorph (6)
Scrolls
 e - a scroll of fog
 t - 8 scrolls of teleportation
 y - a scroll of remove curse
 z - a scroll of blinking
 H - a scroll of fear
 J - 2 scrolls of amnesia
Potions
 d - 2 potions of lignification
 f - 3 potions of might
 g - 2 potions of brilliance
 l - 2 potions of invisibility
 n - a potion of magic
 q - 2 potions of heal wounds
 s - a potion of ambrosia
 w - 2 potions of curing
 A - a potion of haste
 B - a potion of resistance {unknown}
 E - a potion of flight {unknown}


   Skills:
 + Level 0.5 Fighting
 - Level 12.6 Dodging
 - Level 2.4 Stealth
 - Level 5.0 Spellcasting
 - Level 5.0 Summonings
 + Level 8.1 Ice Magic


You had 7 spell levels left.
You knew the following spells:

 Your Spells              Type           Power        Failure   Level
a - Freeze                Ice            100%         1%          1
b - Frozen Ramparts       Ice            100%         1%          3
c - Ozocubu's Armour      Ice            61%          1%          3
d - Summon Ice Beast      Ice/Summ       54%          2%          4

Your spell library contained the following spells:

 Spells                   Type           Power        Failure   Level
 Ensorcelled Hibernation  Hex/Ice        76%          1%          2
 Corona                   Hex            6%           3%          1
 Hailstorm                Conj/Ice       38%          7%          4
 Confusing Touch          Hex            6%           11%         3
 Dazzling Flash           Conj/Hex       12%          11%         3
 Tukima's Dance           Hex            6%           11%         3


Dungeon Overview and Level Annotations

Branches:
Dungeon (7/15)             Temple (1/1) D:5         Ossuary (visited)

Altars:
Ashenzari
Cheibriados
Elyvilon
Fedhas
Gozag
Hepliaklqana
Kikubaaqudgha
Makhleb
Nemelex Xobeh
Okawaru
Qazlal
Ru
Sif Muna
Trog
Uskayaw
Vehumet
Wu Jian
Xom
Zin
The Shining One

Shops:
D:4 :   D:6 }


Innate Abilities, Weirdness & Mutations

You have large cloven feet.
Scrolls take you a little longer to read.


Message History

Aiming: Freeze (safe; 1% risk of failure)
Press: ? - help, Shift-Dir - straight line, f - steam dragon
Aim: a steam dragon (catching its breath)
You feel a surge of power!
You freeze the steam dragon!
The steam dragon is moderately wounded.
The steam dragon bites you! The steam dragon closely misses you.
Casting: Freeze (safe; 1% risk of failure)
Confirm with . or Enter, or press ? or * to list all spells.
You don't know that spell.
Okay, then.
Casting: Freeze (safe; 1% risk of failure)
Confirm with . or Enter, or press ? or * to list all spells.
Aiming: Freeze (safe; 1% risk of failure)
Press: ? - help, Shift-Dir - straight line, f/p - steam dragon
Aim: a steam dragon (moderately wounded)
You feel a surge of power!
You freeze the steam dragon.
The steam dragon is heavily wounded.
The steam dragon breathes steam at you. The ball of steam hits you!
The steam scalds you terribly!
You die...

##### ##.[.. #.....
. ##..[. #..
######### ##....
....##.......##
#.....
........ยง.....#
##....
......)@......#
##....
##+###D.......#
#..... #.......##
#..... #.......##
#..... #........#
#.....
+.......#######....
#.......##...##....
#..................
#..................


You could see a steam dragon (catching breath).

Vanquished Creatures
  A deep elf mage (D:6)
  Sigmund (D:2)
  An ice beast (D:7)
  A phantom (D:7)
  4 orc warriors
  2 ogres (D:5)
  A centaur (D:6)
  13 scorpions
  2 wights (D:6)
  3 howler monkeys
  3 centaur zombies (Ossuary)
  A jelly (D:7)
  A quasit (D:7)
  A human zombie (Ossuary)
  A hound (D:5)
  4 orc wizards
  A bullfrog skeleton (D:5)
  Terence (D:3)
  An iguana (D:6)
  Ijyb (D:3)
  Natasha (D:3)
  4 worker ants
  A killer bee zombie (D:5)
  A big kobold zombie (Ossuary)
  2 hound skeletons (D:6)
  3 mummies (Ossuary)
  A worker ant zombie (D:6)
  7 gnolls
  2 scorpion zombies (Ossuary)
  7 adders
  A shadow imp (D:5)
  2 white imps
  An ooze (D:1)
  An adder skeleton (D:5)
  5 leopard geckos
  29 orcs
  7 giant cockroaches
  3 gnoll zombies (Ossuary)
  6 hobgoblins
  11 jackals
  13 kobolds
  2 quokkas (D:5)
  3 ball pythons
  9 bats
  12 frilled lizards
  11 goblins
  4 goblin zombies (Ossuary)
  3 hobgoblin zombies (Ossuary)
  A jackal zombie (D:6)
  8 rats
205 creatures vanquished.

Vanquished Creatures (collateral kills)
  4 wights (D:6)
  A quokka (D:6)
5 creatures vanquished.

Vanquished Creatures (others)
  11 plants (D:2)
11 creatures vanquished.

Grand Total: 221 creatures vanquished

Notes
Turn   | Place    | Note
-------+----------+-------------------------------------------
     0 | D:1      | buriedalive the Deep Elf Ice Elementalist began the quest
                  | for the Orb.
     0 | D:1      | Reached XP level 1. HP: 10/10 MP: 6/6
   651 | D:1      | Reached XP level 2. HP: 15/15 MP: 6/8
  1022 | D:1      | Reached skill level 3 in Dodging
  1187 | D:1      | Reached XP level 3. HP: 11/19 MP: 3/10
  2079 | D:2      | Found a sacrificial altar of Ru.
  2520 | D:2      | Reached skill level 5 in Ice Magic
  2646 | D:2      | Reached XP level 4. HP: 24/24 MP: 12/12
  3013 | D:2      | Noticed Sigmund
  3083 | D:3      | Learned a level 3 spell: Frozen Ramparts
  3087 | D:3      | Learned a level 3 spell: Ozocubu's Armour
  3213 | D:3      | Noticed Ijyb
  3225 | D:3      | Killed Ijyb
  3328 | D:3      | Reached skill level 4 in Dodging
  3340 | D:3      | Reached XP level 5. HP: 8/28 MP: 7/14
  3628 | D:3      | Found a hazy altar of Hepliaklqana.
  3673 | D:3      | Reached skill level 5 in Spellcasting
  3801 | D:3      | Noticed Natasha
  4122 | D:3      | Killed Natasha
  4332 | D:3      | Noticed Terence
  4340 | D:3      | Killed Terence
  4341 | D:3      | Reached skill level 5 in Dodging
  4523 | D:2      | Reached XP level 6. HP: 32/32 MP: 13/15
  4593 | D:2      | Killed Sigmund
  5039 | D:4      | Found Ukhefios's Book Shoppe.
  5130 | D:4      | Found a stormy altar of Qazlal.
  5145 | D:4      | Found a blossoming altar of Fedhas.
  5219 | D:4      | Found a sand-covered staircase.
  5314 | Ossuary  | Entered an ossuary
  5337 | Ossuary  | Reached skill level 6 in Dodging
  5349 | Ossuary  | Reached XP level 7. HP: 31/36 MP: 6/16
  5573 | Ossuary  | Reached skill level 7 in Dodging
  5985 | Ossuary  | Learned a level 4 spell: Summon Ice Beast
  5996 | Ossuary  | Reached XP level 8. HP: 30/41 MP: 8/17
  6185 | Ossuary  | Reached skill level 8 in Dodging
  6185 | Ossuary  | Reached skill level 1 in Summonings
  6478 | D:5      | Entered Level 5 of the Dungeon
  6769 | D:5      | Reached skill level 9 in Dodging
  6846 | D:5      | Found a staircase to the Ecumenical Temple.
  6883 | Temple   | Entered the Ecumenical Temple
  7154 | D:5      | Found a broken altar of Ashenzari.
  7160 | D:5      | Found a snail-covered altar of Cheibriados.
  7160 | D:5      | Found a glowing golden altar of the Shining One.
  7162 | D:5      | Became a worshipper of Ashenzari the Shackled
  7174 | D:5      | Found a burning altar of Makhleb.
  7175 | D:5      | Found an ornate altar of the Wu Jian Council.
  7357 | D:5      | Found a radiant altar of Vehumet.
  7619 | D:6      | Found Soeclyzxen's Gadget Emporium.
  7827 | D:6      | Reached skill level 5 in Summonings
  8113 | D:6      | Reached skill level 10 in Dodging
  8442 | D:6      | Reached XP level 9. HP: 45/45 MP: 12/18
  8895 | D:6      | Reached * piety under Ashenzari
  9223 | D:6      | Noticed a deep elf mage
  9227 | D:6      | HP: 1/45 [deep elf mage/shard of ice (28)]
  9231 | D:6      | Killed a deep elf mage
  9232 | D:6      | Reached skill level 11 in Dodging
  9547 | D:7      | Gained mutation: Scrolls take you a little longer to read.
                  | [potion of mutation]
  9547 | D:7      | Gained mutation: You have large cloven feet. [potion of
                  | mutation]
  9711 | D:7      | Reached skill level 12 in Dodging
 10365 | D:7      | Killed from afar by a steam dragon

Illustrated notes

Levels and vault maps discovered:
D:1:      evilmike_arrival_crescent, layout_loops_ring
D:2:      layout_loops_ring, lemuel_crystal_altar, lexackson_kobold_supper,
          uniq_sigmund
D:3:      layout_loops_ring, minmay_misc_feat_hallway, hangedman_decor_riveting,
          amcnicky_altar_gilded, uniq_natasha, uniq_ijyb, uniq_terence
D:4:      layout_rooms, grunt_temple_overflow_forces_of_nature, serial_shops,
          shop, nicolae_ossuary_entry_ruins
D:5:      layout_basic, minitemple, minmay_temple_entry_enclosed_plants,
          basic_altar
D:6:      cheibrodos_barr_body, layout_basic, serial_shops, shop,
          guppyfry_early_elven_hall
D:7:      layout_gridville, gammafunk_temple_overflow_pools
Temple:   hc_temple_tempest_star

Skill      XL: |  1  2  3  4  5  6  7  8  9 |
---------------+----------------------------+-----
Dodging        | 3 4 5 6 7 10 12 | 12.6
Spellcasting   | 4 5 |  5.0
Ice Magic      | 5 6 8 |  8.1
Summonings     | 5 |  5.0
Fighting       | |  0.5
Stealth        | |  2.4

Action                   |  1- 3 |  4- 6 |  7- 9 || total
-------------------------+-------+-------+-------++-------
Melee: Unarmed           |     5 |       |       ||     5
       Short sword       |    57 |    77 |   228 ||   362
       Kick              |       |       |    11 ||    11
Throw: Dart              |       |       |     9 ||     9
 Cast: Freeze            |    31 |    42 |    30 ||   103
       Frozen Ramparts   |       |     8 |    24 ||    32
       Ozocubu's Armour  |       |     7 |    25 ||    32
       Summon Ice Beast  |       |       |     9 ||     9
Invok: Curse Item        |       |       |     5 ||     5
Evoke: Wand              |       |       |     1 ||     1
  Use: Scroll            |     5 |     5 |    13 ||    23
       Potion            |       |       |     3 ||     3
 Stab: Sleeping          |     6 |     2 |     2 ||    10
Armor: Robe              |     9 |    22 |    48 ||    79
Dodge: Dodged            |    73 |    61 |   219 ||   353
Block: Other             |       |    14 |    71 ||    85
       Reflection        |       |       |     2 ||     2
